Cogmind - Beta 13 *** ADVENTURER MODE // 2024.07.19 @ 10:04:33 Player: Jefffff Result: Destroyed by 8V-VV9(R) with Subdweller Laser Performance ------------- Evolutions (0) 0 Regions Visited (3) 600 Robots Destroyed (29) 145 Value Destroyed (582) 582 Prototype IDs (12) 240 Alien Tech Used (0) 0 Bonus (0) 0 TOTAL SCORE: 1567 Bonus ------- None Cogmind --------- Core Integrity 0/250 Matter 300/300 Energy 160/160 System Corruption 0% Temperature Cool (6) Movement Core (1600) Ox31 Location -10/Subcaves Parts ------- > --- POWER (1) -------- Light Nuclear Core > --- PROPULSION (2) --- Subdweller Monowheel Subdweller Monowheel > --- UTILITY (2) ------ Huge Storage Unit Transport Network Coupler > --- WEAPON (2) ------- Subdweller Beam Cannon Barrage Gun > --- INVENTORY (25) --- Light Ion Engine Light Ion Engine Subdweller Power Source Arachnoskeleton Subdweller Monowheel Seismic Detector Targeting Computer Targeting Computer ECM Suite Core Shielding Core Shielding Core Shielding Core Shielding Core Shielding Core Shielding Power Shielding Propulsion Shielding Decoy Drone Bay Light Cannon Mining Laser Hammer Peak State ------------ > --- POWER ------------ Light Nuclear Core > --- PROPULSION ------- Subdweller Monowheel Subdweller Monowheel > --- UTILITY ---------- Huge Storage Unit Transport Network Coupler > --- WEAPON ----------- Subdweller Beam Cannon Barrage Gun > --- INVENTORY -------- Light Ion Engine Light Ion Engine Subdweller Power Source Arachnoskeleton Seismic Detector Targeting Computer Targeting Computer ECM Suite Core Shielding Core Shielding Core Shielding Core Shielding Core Shielding Core Shielding Core Shielding Power Shielding Propulsion Shielding Decoy Drone Bay Light Cannon Mining Laser Hammer Makeshift Hammer [Rating: 19] Favorites ----------- Power Light Nuclear Core Engine Ion Engine Power Core Light Nuclear Core Propulsion Aluminum Leg Treads Light Treads Leg Aluminum Leg Wheel Subdweller Monowheel Utility Huge Storage Unit Device Improved Terrain Scanner Storage Huge Storage Unit Processor Transport Network Coupler Weapon Medium Laser Energy Gun Medium Laser Energy Cannon Subdweller Beam Cannon Ballistic Gun Light Assault Rifle Impact Weapon Makeshift Hammer Build | -11 -10 -10 -10 ------- Run | Yrd Mat Min Sub Slots Evolved . | . . . . Power . | . . . . Propulsion . | . . . . Utility . | . . . . Weapon . | . . . . Parts Attached 24 | 7 4 4 9 Power 3 | 1 . 2 . Engine 2 | 1 . 1 . Core 1 | . . 1 . Reactor . | . . . . Propulsion 10 | 2 2 1 5 Treads 3 | . . 1 2 Leg 4 | 2 2 . . Wheel 3 | . . . 3 Hover . | . . . . Flight . | . . . . Utility 4 | 2 2 . . Device 1 | 1 . . . Storage 2 | 1 1 . . Processor 1 | . 1 . . Hackware . | . . . . Protection . | . . . . Artifact . | . . . . Weapon 7 | 2 . 1 4 Energy Gun 2 | 1 . . 1 Energy Cannon 1 | . . . 1 Ballistic Gun 3 | 1 . 1 1 Ballistic Cannon . | . . . . Launcher . | . . . . Special Weapon . | . . . . Impact Weapon 1 | . . . 1 Slashing Weapon . | . . . . Piercing Weapon . | . . . . Special Melee Weapon . | . . . . Unidentified Prototypes . | . . . . Parts Lost 1 | . . 1 . Power . | . . . . Propulsion 1 | . . 1 . Utility . | . . . . Weapon . | . . . . Highest Loss Streak 1 | . . 1 . To Critical Strikes . | . . . . Average Slot Usage (%) 94 | . 97 89 93 Engine 6 | . 14 6 . Core 7 | . . 7 14 Treads 5 | . . 7 11 Leg 12 | . 26 11 . Wheel 4 | . . . 10 Device 1 | . 3 . . Storage 14 | . 14 14 14 Processor 12 | . 9 14 14 Energy Gun 9 | . 14 14 3 Energy Cannon 3 | . . . 8 Ballistic Gun 14 | . 14 14 14 Impact Weapon 1 | . . . 2 Naked Turns . | . . . . Heaviest Build 96 | 14 89 88 96 Greatest Support 40 | 20 20 20 40 Greatest Overweight (x) 31 | . 29 8 31 Average Overweight (x) 3 | . 3 4 3 Largest Inventory Capacity 25 | 8 25 25 25 Average Capacity 24 | 7 24 25 25 Most Carried 25 | 5 24 25 25 Average Carried 21 | . 17 24 24 Final Capacity 25 | 8 25 25 25 Final Carried 25 | 2 24 25 24 Class Distribution -------------------- 70% | Mutant 29% | Scavenger-Mutant Dominant Class ---------------- Mutant | -10/Materials Mutant | -10/Mines Scavenger-Mutant | -10/Subcaves Resources | -11 -10 -10 -10 ----------- Run | Yrd Mat Min Sub Matter Collected 549 | 266 79 51 153 Remotely . | . . . . Salvage Created 984 | 85 392 226 281 Parts 66 | 6 25 19 16 Haulers Intercepted 2 | . 2 . . Recyclers Shooed 2 | 1 . 1 . Parts Field Recycled . | . . . . Retrieved Matter . | . . . . Parts Self-Destructed 12 | . . . 12 Prevented . | . . . . Kills | -11 -10 -10 -10 ------- Run | Yrd Mat Min Sub Combat Hostiles Destroyed 21 | . 10 4 7 Guns 18 | . 10 4 4 Cannons 3 | . . . 3 Classes Destroyed 7 | 2 4 . 1 Tunneler 2 | 1 . 1 . Hauler 2 | . 2 . . Recycler 3 | 1 1 1 . Watcher 1 | . 1 . . Swarmer 10 | . 8 2 . Grunt 6 | . 2 2 2 Subdweller 5 | . . . 5 Best Kill Streak 3 | 2 3 2 2 Combat Bots Only 3 | . 3 1 2 Max Kills in Single Turn 2 | 1 2 1 1 Gunslinging 1 | . 1 . . Exploded . | . . . . Melee . | . . . . Uniques/NPCs Destroyed . | . . . . Combat | -11 -10 -10 -10 -------- Run | Yrd Mat Min Sub Hostile Shots Fired 130 | . 70 24 36 Missed 38 | . 20 6 12 Damage Taken 793 | . 325 132 336 Core 258 | . 89 19 150 Absorbed by Shields . | . . . . Ignored by Resistances 246 | . 107 44 95 Core Remaining (%) 100 | 100 . . . Volleys Fired 80 | 6 33 17 24 Largest 2 | 2 2 2 2 Hottest 108 | 70 70 70 108 Shots Fired 159 | 12 66 34 47 Gun 149 | 12 66 34 37 Cannon 10 | . . . 10 Launcher . | . . . . Special . | . . . . Kinetic 80 | 6 33 17 24 Thermal 79 | 6 33 17 23 Explosive . | . . . . Electromagnetic . | . . . . Robot Hit Streak 15 | 10 8 8 15 Robot Miss Streak 3 | . 3 2 1 Penetration Max . | . . . . Secondary Targets 6 | . 4 1 1 Max Gunslinging Chain 1 | . 1 1 1 Shots Hit Robots 104 | 10 44 23 27 Core Hits 52 | 5 22 12 13 Critical Kills . | . . . . Critical Parts Destroyed . | . . . . Critical Strikes 8 | 1 2 3 2 Burn 8 | 1 2 3 2 Melee Attacks 2 | . . . 2 Impact 2 | . . . 2 Slashing . | . . . . Piercing . | . . . . Sneak Attacks . | . . . . Combat Hostiles . | . . . . Follow-up Attacks . | . . . . Damage Inflicted 1186 | 109 491 230 356 Guns 1079 | 109 491 226 253 Cannons 103 | . . . 103 Explosions . | . . . . Melee . | . . . . Ramming 4 | . . 4 . Kinetic 391 | 34 152 90 115 Thermal 791 | 75 339 136 241 Explosive . | . . . . Electromagnetic . | . . . . Impact . | . . . . Slashing . | . . . . Piercing . | . . . . Highest Corruption . | . . . . Average Corruption . | . . . . Corruption Purged . | . . . . Corruption Blocked . | . . . . Overload Shots . | . . . . Overflow Damage . | . . . . Projectiles . | . . . . Explosions . | . . . . Melee . | . . . . Knockbacks . | . . . . Impact . | . . . . Kinetic . | . . . . Secondary . | . . . . Self-Inflicted Damage . | . . . . Shots . | . . . . Rammed 1 | . . 1 . Targets Rammed 1 | . . 1 . Kicked . | . . . . Crushed . | . . . . Highest Temperature 130 | 60 130 124 64 Average Temperature 36 | 27 40 41 17 Received Heat Transfer 297 | . 60 72 165 Siege Activations . | . . . . Robots Corrupted . | . . . . Combat Hostiles . | . . . . Parts Fried . | . . . . Impact Corruptions . | . . . . Robots Melted . | . . . . Combat Hostiles . | . . . . Parts Melted 1 | 1 . . . Heat Transferred 2775 | 296 1147 629 703 Parts Sabotaged . | . . . . Parts Stolen . | . . . . Parts Stripped . | . . . . Power Chain Reactions . | . . . . Alert | -11 -10 -10 -10 ------- Run | Yrd Mat Min Sub Peak Influence 118 | 10 118 90 . Initial 5 | . 5 4 . Average 27 | 2 31 19 . Maximum Alert Level . | . . . . Low Security (%) 100 | 100 100 100 . Level 1 . | . . . . Level 2 . | . . . . Level 3 . | . . . . Level 4 . | . . . . Level 5 . | . . . . High Security . | . . . . Max Security . | . . . . Squads Dispatched 1 | . 1 . . Investigation 1 | . 1 . . Extermination . | . . . . Reinforcement . | . . . . Assault . | . . . . Garrison . | . . . . Intercept . | . . . . Searches Triggered . | . . . . Construction Impeded . | . . . . Haulers Reinforced . | . . . . Active Scanning Responses . | . . . . Cargo Convoy Interrupts . | . . . . Stealth | -11 -10 -10 -10 --------- Run | Yrd Mat Min Sub Distress Signals . | . . . . Communications Jammed . | . . . . Distress Signals . | . . . . Times Spotted 27 | . 13 6 8 Peak Tracking Total 3 | . 3 2 2 Tactical Retreats 2 | . 1 1 . Traps | -11 -10 -10 -10 ------- Run | Yrd Mat Min Sub Traps Triggered 1 | . 1 . . Indirectly . | . . . . Trap Hack Attempts . | . . . . Triggered . | . . . . Disarmed . | . . . . Reprogrammed . | . . . . Reused . | . . . . Traps Extracted . | . . . . Installed . | . . . . Triggered . | . . . . Machines | -11 -10 -10 -10 ---------- Run | Yrd Mat Min Sub Machines Disabled 2 | . 1 . 1 Max in Single Turn 1 | . 1 . 1 Machines Repaired . | . . . . Machines Dismantled . | . . . . Machines Sabotaged . | . . . . Overloaded Fab Kills . | . . . . Hacking | -11 -10 -10 -10 --------- Run | Yrd Mat Min Sub Machines Accessed 7 | . 4 1 2 Terminals 4 | . 4 . . Fabricators . | . . . . Repair Stations . | . . . . Recycling Units . | . . . . Scanalyzers . | . . . . Garrison Access . | . . . . Total Hacks 21 | . 17 1 3 Successful 13 | . 9 1 3 Failed 8 | . 8 . . Catastrophic . | . . . . Database Lockouts . | . . . . Manual 13 | . 13 . . Terminals 17 | . 17 . . Fabricators . | . . . . Repair Stations . | . . . . Recycling Units . | . . . . Scanalyzers . | . . . . Garrison Access . | . . . . Terminal Hacks 5 | . 1 1 3 Record 2 | . . . 2 Prototype ID Bank 1 | . 1 . . Open Door 1 | . . 1 . Derelict Proto ID Bank 1 | . . . 1 Fabricator Hacks . | . . . . Repair Station Hacks . | . . . . Recycling Unit Hacks . | . . . . Scanalyzer . | . . . . Garrison Access Hacks . | . . . . Unauthorized Hacks 8 | . 8 . . Terminals 8 | . 8 . . Assimilate 4 | . 4 . . Botnet 4 | . 4 . . Fabricators . | . . . . Repair Stations . | . . . . Recycling Units . | . . . . Scanalyzers . | . . . . Garrison Access . | . . . . Data Cores Recovered . | . . . . Used . | . . . . Hacking Detections 4 | . 4 . . Full Trace Events 1 | . 1 . . Feedback Events . | . . . . Feedback Blocked . | . . . . Robot Schematics Acquired . | . . . . Robots Built . | . . . . Authchips . | . . . . Time . | . . . . Total Robot Build Rating . | . . . . Part Schematics Acquired . | . . . . Parts Built . | . . . . Authchips . | . . . . Time . | . . . . Total Part Build Rating . | . . . . Parts Repaired . | . . . . Time . | . . . . Parts Recycled . | . . . . Recycled Matter . | . . . . Retrieved Matter . | . . . . Retrieved Components . | . . . . Parts Scanalyzed . | . . . . Part Schematics Acquired . | . . . . Parts Damaged . | . . . . Bothacking | -11 -10 -10 -10 ------------ Run | Yrd Mat Min Sub Used RIF Installer . | . . . . Robots Hacked . | . . . . Non-combat . | . . . . Combat . | . . . . Robot Hacks Applied . | . . . . Relay Couplers Released . | . . . . Fabnet Peak Effective % . | . . . . Robots Rewired . | . . . . Allies Hacked . | . . . . Hacks Repelled . | . . . . Allies | -11 -10 -10 -10 -------- Run | Yrd Mat Min Sub Total Allies . | . . . . Largest Group . | . . . . Highest-Rated Group . | . . . . Highest-Rated Ally . | . . . . Total Orders . | . . . . Ally Attacks . | . . . . Total Damage . | . . . . Kills . | . . . . Allies Corrupted . | . . . . Allies Melted . | . . . . Intel | -11 -10 -10 -10 ------- Run | Yrd Mat Min Sub Robot Analysis Total . | . . . . Derelict Logs Recovered 2 | . . . 2 Drone Launches . | . . . . Drone Recoveries . | . . . . Exploration | -11 -10 -10 -10 ------------- Run | Yrd Mat Min Sub Turns Passed 5231 | 84 2107 893 2147 Spaces Moved 1285 | 50 484 178 573 Core 23 | 13 5 . 5 Treads 441 | . . 92 349 Legs 602 | 37 479 86 . Wheels 219 | . . . 219 Hover . | . . . . Flight . | . . . . Fastest Speed 50 | 50 120 400 130 Average Speed 374 | 101 388 468 356 Slowest Speed 1600 | 120 1500 680 1600 Overloaded Moves . | . . . . Propulsion Burnouts . | . . . . Robots Hopped . | . . . . Cave-ins Triggered . | . . . . Exploration Rate (%) 37 | 5 57 51 37 Regions Visited 3 Branch Regions 2 Pre-discovered Areas 1 | . . . 1 Known Exits Taken . | . . . . Unknown Exits Taken 3 | 1 1 1 . Scrap Searched 5 | . . 1 4 Spaces Dug . | . . . . Terrain Destroyed . | . . . . Melee . | . . . . Projectile . | . . . . AOE . | . . . . Terrain Rammed . | . . . . Walls Destroyed . | . . . . Machines Disabled . | . . . . Actions | -11 -10 -10 -10 --------- Run | Yrd Mat Min Sub Total 1582 | 73 656 210 643 Wait 120 | . 107 . 13 Move 1282 | 49 483 177 573 Hop . | . . . . Pick Up 49 | 10 27 4 8 Fast Attach 1 | . . . 1 Attach 16 | 7 3 1 5 Detach 1 | . . . 1 Swap 7 | . 1 3 3 Drop 23 | 1 2 7 13 Fire 80 | 6 33 17 24 Melee 2 | . . . 2 Ram . | . . . . Kick . | . . . . Crush 1 | . . 1 . Escape Stasis . | . . . . Rewire . | . . . . Trap . | . . . . Miscellaneous . | . . . . Route ------- -11/Scrapyard -10/Materials (discovered 4 exits: [*Mat] / *Min x2 / *Sub) -10/Mines -10/Subcaves (discovered 2 exits: *Mat x2) History --------- Turn | Location | Event 5 | -11/Scrapyard | Discovered new exit (range 13) 85 | -11/Scrapyard | Entered Materials 126 | -10/Materials | Discovered new exit (range 11) 280 | -10/Materials | Discovered new exit (range 15) 309 | -10/Materials | Build established: Mutant 2032 | -10/Materials | Discovered new exit (range 9) 2153 | -10/Materials | Discovered new exit (range 6) 2192 | -10/Materials | Entered Mines 2897 | -10/Mines | Found the Drone Emporium 2925 | -10/Mines | Found Prototype Device 2965 | -10/Mines | Build established: Scavenger-Mutant 3075 | -10/Mines | Discovered new exit (range 3) 3085 | -10/Mines | Entered Subcaves 3134 | -10/Subcaves | Core integrity fell below 50% 3235 | -10/Subcaves | Core integrity fell below 20% 3563 | -10/Subcaves | Visited 4L-MR0's lab 3592 | -10/Subcaves | Build established: Mutant 3697 | -10/Subcaves | Found Arachnoskeleton 4314 | -10/Subcaves | Build established: Scavenger-Mutant 4860 | -10/Subcaves | Shifting Twisted Machinery released Sub. Monowheel 4874 | -10/Subcaves | Shifting Twisted Machinery released Flamer 5010 | -10/Subcaves | Identified exit to Materials 5107 | -10/Subcaves | Discovered exit to Materials (range 9) 5180 | -10/Subcaves | Visited Clippyterm 5187 | -10/Subcaves | Build established: Mutant 5232 | -10/Subcaves | Destroyed by 8V-VV9(R) with Subdweller Laser Last Messages --------------- 05171_ Sub. Monowheel shoots sparks and powers down. 05174_ A thin wall crumbles away, revealing a door. 05180_ The door opens automatically. 05185_ Connecting with Clippyterm... >>Record! "LRC-V1" It looks like you're REDACTED, I can suggest REDACTED and REDACTED. Also definitely avoid REDACTED. >>Record "Clippyterm" Welcome to Clippyterm v0.53, my misguided attempt to resurrect an ancient AI. I give up. There must be something fundamentally wrong with the algorithm, because no matter how much data I collect to feed it, half the time it still manages to suggest unhelpful sample queries and responses. --DD-NU8 05222_ Sub. Monowheel shoots sparks and powers down. Map ----- +----------------------------------------------------+ | | | | | | | | | | | | | | | | | | | | | ?????????????????????????????????????????????????? | | ?????????????????????????????????????????????????? | | ?????????????????????????????????????????????????? | | ?????????????????????????????????????????????????? | | ?????????????????????????????????????????????????? | | ?????????????????????????????????????????????????? | | ?????????????????????????????????????????????????? | | ?????????????????????????????????????????????????? | | ?????????????????????????????????????????????????? | | ?????????????????????????????????????????????????? | | ?????????????????????????????????????????????????? | | ????????????????????????????#????????????????????? | | ??????????????????????????? #????????????????????? | | ???????????????????????####R#????????????????????? | | ??????###??????????????#